TOP OF THE 1ST |
Elizabethton Twins batting - Pitching for Princeton Rays : RHP Jose Robles
|
Pitching: RHP Jose Robles
|
|
Batting: RHB Andrew Nicol
|
0-0: Fly out, F9 (Flyball, 9S, EV 84.4 MPH)
|
Batting: LHB David Campbell
|
0-0: Ball 1-0: Ball 2-0: Called Strike 2-1: Ball 3-1: Base on Balls
|
Batting: SHB Dan Morataya
|
0-0: Foul Ball, location: 2F 0-1: Ball 1-1: SINGLE (Line Drive, 89S, EV 89.4 MPH) David Campbell to second Runner from 2nd tries for 3rd, SAFE, throw by CF made to third
|
Batting: SHB Chris Hull
|
0-0: Swinging Strike 0-1: Ball Wild Pitch! David Campbell scores Dan Morataya to second 1-1: 2-RUN HOME RUN (Flyball, 9D, EV 99.4 MPH), Distance : 391 ft
|
Batting: RHB Jose Gracia
|
0-0: Called Strike 0-1: Ball 1-1: Called Strike 1-2: Ball 2-2: Strikes out looking
|
Batting: RHB Alex Belton
|
0-0: Swinging Strike 0-1: Swinging Strike 0-2: Ball 1-2: Foul Ball, location: 2F 1-2: Strikes out swinging
|
Top of the 1st over - 3 runs, 2 hits, 0 errors, 0 left on base; Elizabethton 3 - Princeton 0 |
BOTTOM OF THE 1ST |
Princeton Rays batting - Pitching for Elizabethton Twins : RHP Jon Hice
|
Pitching: RHP Jon Hice
|
|
Batting: SHB Chris Lockart
|
0-0: Called Strike 0-1: Fly out, F3 (Line Drive, 3, EV 65.0 MPH)
|
Batting: RHB James Huddleston
|
0-0: Ball 1-0: Ball 2-0: Ball 3-0: Called Strike 3-1: Base on Balls
|
Batting: SHB Lou Kroneman
|
0-0: SINGLE (Line Drive, 78S, EV 100.6 MPH) James Huddleston to second
|
Batting: RHB Wil Urban
|
0-0: Ball 1-0: Ball 2-0: Ball 3-0: Called Strike 3-1: Base on Balls James Huddleston to third Lou Kroneman to second
|
Batting: RHB Dan Marks
|
0-0: Hit by Pitch James Huddleston scores Lou Kroneman to third Wil Urban to second
|
Batting: SHB Wayne Hattan
|
0-0: Foul Ball, location: 2F 0-1: Ball 1-1: GRAND SLAM HOME RUN (Line Drive, 9D, EV 98.8 MPH), Distance : 397 ft
|
Batting: RHB Chris Thorson
|
0-0: Swinging Strike 0-1: Ball 1-1: Foul Ball, location: 2F 1-2: SINGLE (Groundball, 34D, EV 99.4 MPH)
|
Pitching: RHP Andrew Rich
|
|
Batting: RHB Hector Silva
|
0-0: Ball Wild Pitch! Chris Thorson to second 1-0: Ball 2-0: Called Strike 2-1: Called Strike 2-2: Ball 3-2: Base on Balls
|
Batting: RHB Bazyli Andrysiak
|
0-0: Swinging Strike 0-1: Ball 1-1: Swinging Strike 1-2: SINGLE (Groundball, 6D, EV 96.9 MPH) Chris Thorson to third Hector Silva to second
|
Batting: SHB Chris Lockart
|
0-0: Grounds into double play, 4-6-3 (Groundball, 4, EV 106.9 MPH)
|
Bottom of the 1st over - 5 runs, 4 hits, 0 errors, 2 left on base; Elizabethton 3 - Princeton 5 |
TOP OF THE 2ND |
Elizabethton Twins batting - Pitching for Princeton Rays : RHP Jose Robles
|
Batting: RHB Nick Phipps
|
0-0: Ball 1-0: SINGLE (Groundball, 6M, EV 102.5 MPH) (infield hit)
|
Batting: RHB Jimmy Mayville
|
0-0: Called Strike 0-1: Ball Nick Phipps steals 2nd base 1-1: Called Strike 1-2: Foul Ball, location: 2F 1-2: Foul Ball, location: 2F 1-2: Foul Ball, location: 2F 1-2: Ball 2-2: Reached on error, E6 (Groundball, 6, EV 81.9 MPH) Nick Phipps to third
|
Batting: RHB Miguel Castella
|
0-0: Called Strike 0-1: Foul Ball, location: 2F 0-2: 3-RUN HOME RUN (Flyball, 78XD, EV 100.6 MPH), Distance : 402 ft
|
Batting: RHB Andrew Nicol
|
0-0: Swinging Strike 0-1: Swinging Strike 0-2: Ball 1-2: Ball 2-2: Ground out 5-3 (Groundball, 56S, EV 85.6 MPH)
|
Batting: LHB David Campbell
|
0-0: Fly out, F4 (Popup, 13S, EV 84.4 MPH)
|
Batting: SHB Dan Morataya
|
0-0: Ball 1-0: Called Strike 1-1: Called Strike 1-2: Ball 2-2: Ball 3-2: Ground out 4-3 (Groundball, 4, EV 88.8 MPH)
|
Top of the 2nd over - 3 runs, 2 hits, 1 error, 0 left on base; Elizabethton 6 - Princeton 5 |
BOTTOM OF THE 2ND |
Princeton Rays batting - Pitching for Elizabethton Twins : RHP Andrew Rich
|
Batting: RHB James Huddleston
|
0-0: Called Strike 0-1: Called Strike 0-2: DOUBLE (Flyball, 8LD, EV 97.5 MPH)
|
Batting: SHB Lou Kroneman
|
0-0: Ball 1-0: Ball 2-0: Ball 3-0: Base on Balls
|
Batting: RHB Wil Urban
|
0-0: Ball James Huddleston steals 3rd base 1-0: Swinging Strike 1-1: Ball 2-1: Foul Ball, location: 2F 2-2: Foul Ball, location: 2F 2-2: Foul Ball, location: 2F 2-2: 3-RUN HOME RUN (Flyball, 89XD, EV 98.8 MPH), Distance : 407 ft
|
Batting: RHB Dan Marks
|
0-0: Called Strike 0-1: Ball 1-1: Ball 2-1: Foul Ball, location: 2F 2-2: Fly out, F9 (Flyball, 89XD, EV 91.3 MPH)
|
Batting: SHB Wayne Hattan
|
0-0: Ball 1-0: Called Strike 1-1: Swinging Strike 1-2: Strikes out looking
|
Batting: RHB Chris Thorson
|
0-0: Ball 1-0: Called Strike 1-1: Ball 2-1: Ball 3-1: Base on Balls
|
Batting: RHB Hector Silva
|
0-0: Ball 1-0: Swinging Strike 1-1: Ball 2-1: Ball 3-1: SINGLE (Groundball, 4MS, EV 74.4 MPH) (infield hit) Chris Thorson to second
|
Batting: RHB Bazyli Andrysiak
|
0-0: Ball 1-0: Ground out 5-3 (Groundball, 56S, EV 88.8 MPH)
|
Bottom of the 2nd over - 3 runs, 3 hits, 0 errors, 2 left on base; Elizabethton 6 - Princeton 8 |
TOP OF THE 3RD |
Elizabethton Twins batting - Pitching for Princeton Rays : RHP Jose Robles
|
Batting: SHB Chris Hull
|
0-0: Foul Ball, location: 2F 0-1: Foul Ball, location: 2F 0-2: Strikes out swinging
|
Batting: RHB Jose Gracia
|
0-0: Swinging Strike 0-1: Fly out, F7 (Flyball, 7LS, EV 91.9 MPH)
|
Batting: RHB Alex Belton
|
0-0: Foul Ball, location: 2F 0-1: Foul Ball, location: 2F 0-2: Fly out, F4 (Popup, 4M, EV 70.6 MPH)
|
Top of the 3rd over - 0 runs, 0 hits, 0 errors, 0 left on base; Elizabethton 6 - Princeton 8 |
BOTTOM OF THE 3RD |
Princeton Rays batting - Pitching for Elizabethton Twins : RHP Andrew Rich
|
Batting: SHB Chris Lockart
|
0-0: Called Strike 0-1: Ball 1-1: Ball 2-1: Ball 3-1: Base on Balls
|
Batting: RHB James Huddleston
|
0-0: Ball 1-0: Swinging Strike 1-1: Ball 2-1: Ball 3-1: Base on Balls Chris Lockart to second
|
Batting: SHB Lou Kroneman
|
0-0: SINGLE (Flyball, 5D, EV 96.9 MPH) Chris Lockart to third James Huddleston to second Runner from 3rd tries for Home, SAFE, throw by LF to home
|
Batting: RHB Wil Urban
|
0-0: Ball 1-0: Foul Ball, location: 2F 1-1: 3-RUN HOME RUN (Flyball, 78XD, EV 101.3 MPH), Distance : 412 ft
|
Batting: RHB Dan Marks
|
0-0: Ball 1-0: Ball 2-0: Ground out 5-3 (Groundball, 5S, EV 68.1 MPH)
|
Pitching: RHP Jorge Corte
|
|
Batting: SHB Wayne Hattan
|
0-0: Ball 1-0: Ball 2-0: Foul Ball, location: 2F 2-1: Ball 3-1: Swinging Strike 3-2: Base on Balls
|
Batting: RHB Chris Thorson
|
0-0: Called Strike 0-1: Called Strike 0-2: Foul Ball, location: 2F 0-2: 2-RUN HOME RUN (Flyball, 9D, EV 96.3 MPH), Distance : 390 ft
|
Batting: RHB Hector Silva
|
0-0: Swinging Strike 0-1: Swinging Strike 0-2: Foul Ball, location: 2F 0-2: Strikes out looking
|
Batting: RHB Bazyli Andrysiak
|
0-0: Called Strike 0-1: Ball 1-1: Ball 2-1: Fly out, F3 (Popup, 3F, EV 66.3 MPH)
|
Bottom of the 3rd over - 6 runs, 3 hits, 0 errors, 0 left on base; Elizabethton 6 - Princeton 14 |
TOP OF THE 4TH |
Elizabethton Twins batting - Pitching for Princeton Rays : RHP Jose Robles
|
Batting: RHB Nick Phipps
|
0-0: Called Strike 0-1: Called Strike 0-2: Strikes out swinging
|
Batting: RHB Jimmy Mayville
|
0-0: Called Strike 0-1: Ball 1-1: Swinging Strike 1-2: SINGLE (Line Drive, 7LS, EV 91.3 MPH)
|
Pitching: RHP Ron Garrett
|
|
Batting: RHB Miguel Castella
|
0-0: Called Strike 0-1: Ball 1-1: Foul Ball, location: 2F 1-2: Ball 2-2: Foul Ball, location: 2F 2-2: Ball 3-2: Base on Balls Jimmy Mayville to second
|
Batting: RHB Andrew Nicol
|
0-0: Called Strike 0-1: Ball 1-1: Ball Wild Pitch! Jimmy Mayville to third Miguel Castella to second 2-1: Swinging Strike 2-2: Strikes out swinging
|
Batting: LHB David Campbell
|
0-0: Ball 1-0: Ball 2-0: Ground out 5-3 (Groundball, 5, EV 105.0 MPH)
|
Top of the 4th over - 0 runs, 1 hit, 0 errors, 2 left on base; Elizabethton 6 - Princeton 14 |
BOTTOM OF THE 4TH |
Princeton Rays batting - Pitching for Elizabethton Twins : RHP Jorge Corte
|
Batting: SHB Chris Lockart
|
0-0: Ball 1-0: Called Strike 1-1: Ball 2-1: Foul Ball, location: 2F 2-2: Foul Ball, location: 2F 2-2: Hit by Pitch
|
Batting: RHB James Huddleston
|
0-0: DOUBLE (Groundball, 5L, EV 98.1 MPH) Chris Lockart to third Runner from 3rd tries for Home, SAFE, throw by LF to trailing runner, SAFE at third!
|
Batting: SHB Lou Kroneman
|
0-0: Reached on error, E3 (Groundball, 3, EV 90.6 MPH) James Huddleston scores
|
Batting: RHB Wil Urban
|
0-0: Foul Ball, location: 2F 0-1: Ball 1-1: Foul Ball, location: 2F 1-2: Ball 2-2: Ball Passed Ball! Lou Kroneman to second 3-2: Base on Balls
|
Batting: RHB Dan Marks
|
0-0: Foul Ball, location: 2F 0-1: SINGLE (Line Drive, 8LS, EV 100.0 MPH) Lou Kroneman to third Wil Urban to second
|
Pitching: RHP Keith Nix
|
|
Batting: SHB Wayne Hattan
|
0-0: Ball 1-0: Foul Ball, location: 2F 1-1: Fielders Choice at 2nd, 4-6 (Groundball, 4, EV 85.6 MPH) Lou Kroneman scores Wil Urban to third
|
Batting: RHB Chris Thorson
|
0-0: Ball 1-0: Ball 2-0: Foul Ball, location: 2F 2-1: Foul Ball, location: 2F 2-2: Strikes out swinging
|
Batting: RHB Hector Silva
|
0-0: Reached on error, E3 (Groundball, 13, EV 91.9 MPH) Wil Urban scores Wayne Hattan to second
|
Batting: RHB Bazyli Andrysiak
|
0-0: Ball 1-0: Swinging Strike 1-1: Foul Ball, location: 2F 1-2: Strikes out swinging
|
Bottom of the 4th over - 4 runs, 2 hits, 2 errors, 2 left on base; Elizabethton 6 - Princeton 18 |
TOP OF THE 5TH |
Elizabethton Twins batting - Pitching for Princeton Rays : RHP Ron Garrett
|
Batting: SHB Dan Morataya
|
0-0: Ball 1-0: Called Strike 1-1: Called Strike 1-2: Ball 2-2: Strikes out swinging
|
Batting: SHB Chris Hull
|
0-0: Called Strike 0-1: Swinging Strike 0-2: Strikes out looking
|
Batting: RHB Jose Gracia
|
0-0: Ball 1-0: Called Strike 1-1: Ball 2-1: Foul Ball, location: 2F 2-2: Foul Ball, location: 2F 2-2: Strikes out looking
|
Top of the 5th over - 0 runs, 0 hits, 0 errors, 0 left on base; Elizabethton 6 - Princeton 18 |
BOTTOM OF THE 5TH |
Princeton Rays batting - Pitching for Elizabethton Twins : RHP Keith Nix
|
Batting: SHB Chris Lockart
|
0-0: Foul Ball, location: 2F 0-1: Called Strike 0-2: Ball 1-2: Ball 2-2: Strikes out swinging
|
Batting: RHB James Huddleston
|
0-0: Ball 1-0: Called Strike 1-1: Ball 2-1: Ground out 6-3 (Groundball, 6, EV 86.9 MPH)
|
Batting: SHB Lou Kroneman
|
0-0: Ball 1-0: SINGLE (Line Drive, 9S, EV 97.5 MPH)
|
Batting: RHB Wil Urban
|
0-0: Swinging Strike 0-1: Ball 1-1: Foul Ball, location: 2F 1-2: Ball 2-2: Foul Ball, location: 2F 2-2: Ball 3-2: Base on Balls Lou Kroneman to second
|
Batting: RHB Dan Marks
|
0-0: Called Strike 0-1: Ball 1-1: Ball 2-1: Ball 3-1: Base on Balls Lou Kroneman to third Wil Urban to second
|
Batting: SHB Wayne Hattan
|
0-0: Fly out, F7 (Line Drive, 7D, EV 93.1 MPH)
|
Bottom of the 5th over - 0 runs, 1 hit, 0 errors, 3 left on base; Elizabethton 6 - Princeton 18 |
TOP OF THE 6TH |
Elizabethton Twins batting - Pitching for Princeton Rays : RHP Ron Garrett
|
Batting: RHB Alex Belton
|
0-0: Ball 1-0: Swinging Strike 1-1: SOLO HOME RUN (Flyball, 7D, EV 100.6 MPH), Distance : 369 ft
|
Batting: RHB Nick Phipps
|
0-0: Ball 1-0: Called Strike 1-1: Swinging Strike 1-2: Strikes out swinging
|
Batting: RHB Jimmy Mayville
|
0-0: SINGLE (Groundball, 34S, EV 91.3 MPH) (infield hit)
|
Batting: RHB Miguel Castella
|
0-0: SINGLE (Groundball, 4MD, EV 100.0 MPH) Jimmy Mayville to second
|
Batting: RHB Andrew Nicol
|
0-0: Ball 1-0: Ball 2-0: Ball 3-0: Base on Balls Jimmy Mayville to third Miguel Castella to second
|
Pitching: LHP Nolan Hickey
|
|
Batting: LHB David Campbell
|
0-0: Ball 1-0: Called Strike 1-1: Foul Ball, location: 2F 1-2: Ball 2-2: Fly out, F9 (Flyball, 9LM, EV 92.5 MPH)
|
Pitching: RHP John Morgan
|
|
Batting: SHB Dan Morataya
|
0-0: DOUBLE (Flyball, 89XD, EV 111.3 MPH) Jimmy Mayville scores Miguel Castella scores Andrew Nicol to third Runner from 3rd tries for Home, SAFE, throw by RF to trailing runner, SAFE at third!
|
Batting: SHB Chris Hull
|
0-0: Called Strike 0-1: Called Strike 0-2: Ball 1-2: Ball 2-2: Ball 3-2: 2-RUN HOME RUN (Flyball, 89XD, EV 106.9 MPH), Distance : 416 ft
|
Batting: RHB Jose Gracia
|
0-0: Ball 1-0: SINGLE (Groundball, 13, EV 78.8 MPH) (infield hit)
|
Batting: RHB Alex Belton
|
0-0: Called Strike Jose Gracia is caught stealing 2nd base 2-4
|
Top of the 6th over - 6 runs, 6 hits, 0 errors, 0 left on base; Elizabethton 12 - Princeton 18 |
BOTTOM OF THE 6TH |
Princeton Rays batting - Pitching for Elizabethton Twins : RHP Keith Nix
|
Batting: RHB Chris Thorson
|
0-0: Ball 1-0: Ball 2-0: Called Strike 2-1: Ball 3-1: Called Strike 3-2: Fly out, F6 (Flyball, 56D, EV 87.5 MPH)
|
Batting: RHB Hector Silva
|
0-0: Foul Ball, location: 2F 0-1: Ball 1-1: Ball 2-1: Ball 3-1: Base on Balls
|
Batting: RHB Bazyli Andrysiak
|
0-0: Ball Hector Silva steals 2nd base 1-0: Ball Hector Silva steals 3rd base 2-0: Ball 3-0: Called Strike 3-1: Base on Balls
|
Batting: SHB Chris Lockart
|
0-0: Foul Ball, location: 2F 0-1: SINGLE (Groundball, 6MD, EV 106.3 MPH) Hector Silva scores Bazyli Andrysiak to second
|
Batting: RHB James Huddleston
|
0-0: Called Strike 0-1: Ball 1-1: Ball 2-1: Called Strike 2-2: Ball 3-2: Base on Balls Bazyli Andrysiak to third Chris Lockart to second
|
Pitching: RHP Ewan Wijker
|
|
Batting: SHB Lou Kroneman
|
0-0: Ball 1-0: Foul Ball, location: 2F 1-1: Ball Passed Ball! Bazyli Andrysiak scores Chris Lockart to third James Huddleston to second Balk! Chris Lockart scores James Huddleston to third 2-1: Ball Wild Pitch! James Huddleston scores 3-1: Foul Ball, location: 2F 3-2: Foul Ball, location: 2F 3-2: Foul Ball, location: 2F 3-2: Fly out, F8 (Flyball, 78XD, EV 91.3 MPH)
|
Batting: RHB Wil Urban
|
0-0: Ball 1-0: Called Strike 1-1: Called Strike 1-2: Foul Ball, location: 2F 1-2: Ball 2-2: Foul Ball, location: 2F 2-2: Ball 3-2: Strikes out swinging
|
Bottom of the 6th over - 4 runs, 1 hit, 0 errors, 0 left on base; Elizabethton 12 - Princeton 22 |
TOP OF THE 7TH |
Elizabethton Twins batting - Pitching for Princeton Rays : RHP John Morgan
|
Batting: RHB Alex Belton
|
0-0: Ball 1-0: Called Strike 1-1: Called Strike 1-2: Ball 2-2: Ground out 6-3 (Groundball, 6, EV 104.4 MPH)
|
Batting: RHB Nick Phipps
|
0-0: Called Strike 0-1: Ball 1-1: Foul Ball, location: 2F 1-2: Foul Ball, location: 2F 1-2: Ball 2-2: Strikes out swinging
|
Pinch Hitting: LHB Jiong Shui
|
0-0: Ball 1-0: Ball 2-0: Ball 3-0: Base on Balls
|
Batting: RHB Miguel Castella
|
0-0: Called Strike 0-1: Ball 1-1: Ball 2-1: Ball 3-1: Base on Balls Jiong Shui to second
|
Batting: RHB Andrew Nicol
|
0-0: Ball 1-0: Ball 2-0: Ball 3-0: Called Strike 3-1: Foul Ball, location: 2F 3-2: Foul Ball, location: 2F 3-2: Foul Ball, location: 2F 3-2: Strikes out looking
|
Top of the 7th over - 0 runs, 0 hits, 0 errors, 2 left on base; Elizabethton 12 - Princeton 22 |
BOTTOM OF THE 7TH |
Princeton Rays batting - Pitching for Elizabethton Twins : RHP Ewan Wijker
|
Now at 1B: Jiong Shui
|
|
Batting: RHB Dan Marks
|
0-0: Swinging Strike 0-1: SINGLE (Groundball, 25, EV 64.4 MPH) (infield hit)
|
Batting: SHB Wayne Hattan
|
0-0: 2-RUN HOME RUN (Flyball, 89XD, EV 98.8 MPH), Distance : 404 ft
|
Batting: RHB Chris Thorson
|
0-0: Ground out 5-3 (Groundball, 56, EV 111.3 MPH)
|
Batting: RHB Hector Silva
|
0-0: Ball 1-0: Called Strike 1-1: Ball 2-1: Foul Ball, location: 2F 2-2: Foul Ball, location: 2F 2-2: SOLO HOME RUN (Flyball, 89XD, EV 103.1 MPH), Distance : 408 ft
|
Batting: RHB Bazyli Andrysiak
|
0-0: Ball 1-0: Ball 2-0: Called Strike 2-1: Foul Ball, location: 2F 2-2: Foul Ball, location: 2F 2-2: Ball 3-2: Base on Balls
|
Batting: SHB Chris Lockart
|
0-0: Called Strike 0-1: Ball 1-1: Ball 2-1: Ball Wild Pitch! Bazyli Andrysiak to second 3-1: Called Strike 3-2: Foul Ball, location: 2F 3-2: Base on Balls
|
Batting: RHB James Huddleston
|
0-0: Called Strike 0-1: Swinging Strike 0-2: Ball 1-2: Foul Ball, location: 2F 1-2: SINGLE (Line Drive, 4MD, EV 97.5 MPH) Bazyli Andrysiak to third Chris Lockart to second
|
Pitching: RHP Matthew Dodson
|
|
Batting: SHB Lou Kroneman
|
0-0: Called Strike 0-1: Foul Ball, location: 2F 0-2: Ball 1-2: Foul Ball, location: 2F 1-2: Fly out, F8 (Flyball, 78S, EV 86.3 MPH)
|
Batting: RHB Wil Urban
|
0-0: Ball 1-0: Ball 2-0: Ball 3-0: Base on Balls Bazyli Andrysiak scores Chris Lockart to third James Huddleston to second
|
Batting: RHB Dan Marks
|
0-0: Foul Ball, location: 2F 0-1: Foul Ball, location: 2F 0-2: Foul Ball, location: 2F 0-2: Ball 1-2: Ball Wild Pitch! Chris Lockart scores James Huddleston to third Wil Urban to second 2-2: Ground out 4-3 (Groundball, 4MD, EV 87.5 MPH)
|
Bottom of the 7th over - 5 runs, 4 hits, 0 errors, 2 left on base; Elizabethton 12 - Princeton 27 |
TOP OF THE 8TH |
Elizabethton Twins batting - Pitching for Princeton Rays : RHP John Morgan
|
Batting: LHB David Campbell
|
0-0: Ball 1-0: Ball 2-0: Ball 3-0: Base on Balls
|
Batting: SHB Dan Morataya
|
0-0: Fly out, F7 (Flyball, 7, EV 80.6 MPH)
|
Batting: SHB Chris Hull
|
0-0: Swinging Strike 0-1: Ball 1-1: Swinging Strike 1-2: Strikes out looking
|
Batting: RHB Jose Gracia
|
0-0: Foul Ball, location: 2F 0-1: Foul Ball, location: 2F 0-2: Ball 1-2: Ball 2-2: SINGLE (Line Drive, 89S, EV 95.0 MPH) David Campbell to second
|
Batting: RHB Alex Belton
|
0-0: Called Strike 0-1: Ball 1-1: Ball 2-1: Ball 3-1: 3-RUN HOME RUN (Flyball, 78XD, EV 101.9 MPH), Distance : 392 ft
|
Pitching: LHP Parker Martinet
|
|
Batting: RHB Nick Phipps
|
0-0: Ball 1-0: Called Strike 1-1: Swinging Strike 1-2: Foul Ball, location: 2F 1-2: Ball 2-2: Strikes out swinging
|
Top of the 8th over - 3 runs, 2 hits, 0 errors, 0 left on base; Elizabethton 15 - Princeton 27 |
BOTTOM OF THE 8TH |
Princeton Rays batting - Pitching for Elizabethton Twins : RHP Matthew Dodson
|
Batting: SHB Wayne Hattan
|
0-0: Called Strike 0-1: Ball 1-1: Ball 2-1: Foul Ball, location: 2F 2-2: Foul Ball, location: 2F 2-2: Foul Ball, location: 2F 2-2: Ground out U3 (Groundball, 3, EV 102.5 MPH)
|
Batting: RHB Chris Thorson
|
0-0: Foul Ball, location: 2F 0-1: Ball 1-1: Ball 2-1: SINGLE (Line Drive, 5D, EV 98.8 MPH)
|
Batting: RHB Hector Silva
|
0-0: Ball 1-0: Foul Ball, location: 2F 1-1: Foul Ball, location: 2F 1-2: Strikes out swinging
|
Batting: RHB Bazyli Andrysiak
|
0-0: Ball 1-0: Reached on error, E5 (Groundball, 56S, EV 84.4 MPH) Chris Thorson to third
|
Batting: SHB Chris Lockart
|
0-0: Ball 1-0: Ball 2-0: Foul Ball, location: 2F 2-1: SINGLE (Line Drive, 9LS, EV 106.3 MPH) Chris Thorson scores Bazyli Andrysiak to third
|
Batting: RHB James Huddleston
|
0-0: Ball 1-0: Swinging Strike 1-1: Ball 2-1: Foul Ball, location: 2F 2-2: Fielders Choice at 2nd, 5-4 (Groundball, 5, EV 83.8 MPH)
|
Bottom of the 8th over - 1 run, 2 hits, 1 error, 2 left on base; Elizabethton 15 - Princeton 28 |
TOP OF THE 9TH |
Elizabethton Twins batting - Pitching for Princeton Rays : LHP Parker Martinet
|
Batting: LHB Jiong Shui
|
0-0: Ball 1-0: DOUBLE (Line Drive, 7LM, EV 109.4 MPH)
|
Batting: RHB Miguel Castella
|
0-0: Called Strike 0-1: Foul Ball, location: 2F 0-2: Strikes out swinging
|
Batting: RHB Andrew Nicol
|
0-0: Ball 1-0: Swinging Strike 1-1: Ball Wild Pitch! Jiong Shui to third 2-1: Swinging Strike 2-2: Ball 3-2: Strikes out swinging, 2-3 out at first.
|
Batting: LHB David Campbell
|
0-0: Ball 1-0: Ball 2-0: Foul Ball, location: 2F 2-1: Ground out 6-3 (Groundball, 6S, EV 91.3 MPH)
|
Top of the 9th over - 0 runs, 1 hit, 0 errors, 1 left on base; Elizabethton 15 - Princeton 28 |
|